 Dungeon Sprint DCSS version 0.27-a0-538-g15ff5c5295 (webtiles) character file.

Game seed: 17240605472737947550

3275 mhtbhm the Cleaver (level 9, -3/135 HPs)
             Began as a Minotaur Fighter on Mar 6, 2021.
             Was a High Priest of Trog.
             Blown up by a great orb of eyes (33 damage)
             ... with a mindburst bolt
             ... in the Dungeon (Sprint VII: "The Pits").
             The game lasted 00:02:14 (1094 turns).

mhtbhm the Cleaver (Minotaur Fighter)               Turns: 1094, Time: 00:02:15

Health: -3/135     AC: 18    Str: 28    XL:     9   Next: 68%
Magic:  8/8        EV: 10    Int:  8    God:    Trog [*****.]
Gold:   0          SH: 13    Dex:  9    Spells: 8/8 levels left

rFire    . . .     SeeInvis .   a - +2 war axe of Indestructible Defence {vamp, rC+}
rCold    + . .     Faith    .   c - +0 kite shield
rNeg     . . .     Spirit   .   b - +4 chain mail
rPois    .         Reflect  .   (helmet restricted)
rElec    .         Harm     .   n - +0 cloak
rCorr    .         Rampage  .   (no gloves)
Will     .....     NoTele   +   (no boots)
Stlth    ..........             (no amulet)
HPRegen  0.32/turn              o - +3 ring of intelligence
MPRegen  0.11/turn              p - +3 ring of strength

@: berserking, very quick
A: horns 2, retaliatory headbutt
a: Renounce Religion, Berserk, Trog's Hand, Brothers in Arms


You were in the Dungeon.
You worshipped Trog.
Trog was extremely pleased with you.
You visited 1 branch

Inventory:

Hand Weapons
 a - the +2 war axe of Indestructible Defence (weapon) {vamp, rC+}
   (You found it in the Dungeon)

   It inflicts no extra harm, but heals its wielder when it wounds a living foe.
   It protects you from cold.
Armour
 b - a +4 chain mail (worn)
 c - a +0 kite shield (worn)
 n - a +0 cloak (worn)
Jewellery
 o - a +3 ring of intelligence (left hand)
 p - a +3 ring of strength (right hand)
Scrolls
 j - a scroll of blinking
 l - a scroll of summoning
Potions
 d - 2 potions of might
 e - 5 potions of curing
 f - 10 potions of heal wounds
 g - 2 potions of haste
 h - 4 potions of magic
 i - 3 potions of berserk rage
 k - 2 potions of invisibility
 m - a potion of lignification {unknown}


   Skills:
 + Level 11.9 Fighting
 + Level 14.0 Axes
 + Level 13.3 Armour
 + Level 5.8 Dodging
 - Level 1.2 Stealth
 + Level 13.1 Shields


You had 8 spell levels left.
You didn't know any spells.
Your spell library was empty.

Dungeon Overview and Level Annotations

Branches:
Dungeon (1/1)

Altars:
Ashenzari
Cheibriados
Dithmenos
Elyvilon
Fedhas
Gozag
Hepliaklqana
Kikubaaqudgha
Makhleb
Nemelex Xobeh
Okawaru
Qazlal
Ru
Sif Muna
Trog
Uskayaw
Vehumet
Wu Jian
Xom
Yredelemnul
Zin
The Shining One
Beogh
Jiyva
Lugonu


Innate Abilities, Weirdness & Mutations

You have a pair of horns on your head.
You reflexively headbutt those who attack you in melee.


Message History

You headbutt the great orb of eyes, but do no damage.
The great orb of eyes is heavily wounded.
The great orb of eyes gazes at you.
You are more confused.
You closely miss the great orb of eyes.
The great orb of eyes is heavily wounded.
You feel sick.
You hit the great orb of eyes but do no damage.
The great orb of eyes is heavily wounded.
You feel sick. The great orb of eyes bites you.
You feel sick. The great orb of eyes bites you!
You're too confused to move!
The great orb of eyes bites you!
You hit the great orb of eyes but do no damage.
The great orb of eyes is heavily wounded.
You feel sick.
The great orb of eyes pulsates ominously.
The great orb of eyes bites you!
You bump into the metal wall.
The great orb of eyes gazes at you.
You are more confused.
You feel sick. The great orb of eyes bites you.
You bump into the metal wall.
You feel sick.
The great orb of eyes closely misses you.
You bump into the metal wall.
The great orb of eyes bites you but does no damage.
You feel sick.
You bump into the metal wall.
The great orb of eyes bites you but does no damage.
You bump into the metal wall.
You feel sick. The great orb of eyes gazes at you.
Your mind is blasted!
* * * LOW HITPOINT WARNING * * *
Unknown command.
You feel better.
The great orb of eyes closely misses you.
A red film seems to cover your vision as you go berserk!
You feel yourself moving faster!
You feel mighty! The great orb of eyes gazes at you.
Your mind is blasted!
You die...

#++###########
#.............
#....G@.......
#..###########
#..# #..# ##
#..# .# #..#
.# #..# .#
#..#
.##########..#


You could see a great orb of eyes.

Vanquished Creatures
  A sea snake (D)
  A deep troll (D)
  A manticore (D)
  A black mamba (D)
  An orange demon (D)
  An ice devil (D)
  A troll (D)
  A floating eye (D)
  A swamp drake (D)
  A black bear (D)
  A centaur (D)
  A crimson imp (D)
  A hound (D)
  Crazy Yiuf (D)
  An iron imp (D)
  A worker ant (D)
  An orc wizard (D)
  A gnoll (D)
  3 river rats (D)
  An adder (D)
  A white imp (D)
  3 orcs (D)
  2 goblins (D)
  3 jackals (D)
  A frilled lizard (D)
  2 rats (D)
34 creatures vanquished.

Vanquished Creatures (others)
  A two-headed ogre (D)
1 creature vanquished.

Grand Total: 35 creatures vanquished

Notes
Turn   | Place    | Note
-------+----------+-------------------------------------------
     0 | D        | mhtbhm the Minotaur Fighter began the quest for the Orb.
     0 | D        | Reached XP level 1. HP: 19/19 MP: 0/0
    11 | D        | Noticed a floating eye
    12 | D        | Paralysed by a floating eye for 2 turns
    16 | D        | Paralysed by a floating eye for 3 turns
    19 | D        | Killed a floating eye
    20 | D        | Reached skill level 3 in Axes
    20 | D        | Reached XP level 2. HP: 34/34 MP: 1/1
    20 | D        | Reached XP level 3. HP: 39/39 MP: 2/2
    20 | D        | Reached XP level 4. HP: 47/47 MP: 3/3
    24 | D        | Found a bloodstained altar of Trog.
    24 | D        | Found a shimmering blue altar of Sif Muna.
    24 | D        | Found a viscous altar of Jiyva.
    24 | D        | Found a hazy altar of Hepliaklqana.
    24 | D        | Found an opulent altar of Gozag.
    25 | D        | Found a glowing golden altar of the Shining One.
    25 | D        | Found a glowing silver altar of Zin.
    25 | D        | Found a basalt altar of Yredelemnul.
    25 | D        | Found a shimmering altar of Xom.
    25 | D        | Found an ornate altar of the Wu Jian Council.
    25 | D        | Found a sacrificial altar of Ru.
    25 | D        | Found a stormy altar of Qazlal.
    25 | D        | Found an iron altar of Okawaru.
    25 | D        | Found a sparkling altar of Nemelex Xobeh.
    25 | D        | Found a burning altar of Makhleb.
    25 | D        | Found a blossoming altar of Fedhas.
    25 | D        | Found a white marble altar of Elyvilon.
    25 | D        | Found a shadowy altar of Dithmenos.
    25 | D        | Found a snail-covered altar of Cheibriados.
    27 | D        | Found a radiant altar of Vehumet.
    27 | D        | Found a corrupted altar of Lugonu.
    29 | D        | Became a worshipper of Trog the Wrathful
    68 | D        | Reached * piety under Trog
    77 | D        | Reached skill level 4 in Axes
    80 | D        | Reached ** piety under Trog
    81 | D        | Reached XP level 5. HP: 43/52 MP: 4/4
   251 | D        | Reached *** piety under Trog
   375 | D        | Noticed a centaur
   379 | D        | Killed a centaur
   380 | D        | Reached skill level 5 in Axes
   380 | D        | Reached skill level 1 in Dodging
   385 | D        | Reached **** piety under Trog
   386 | D        | Reached skill level 6 in Axes
   386 | D        | Reached XP level 6. HP: 62/62 MP: 5/5
   388 | D        | Reached ***** piety under Trog
   454 | D        | Noticed a manticore
   460 | D        | Killed a manticore
   461 | D        | Reached skill level 10 in Fighting
   461 | D        | Reached skill level 9 in Axes
   461 | D        | Reached skill level 10 in Armour
   461 | D        | Reached skill level 10 in Shields
   461 | D        | Reached XP level 7. HP: 57/72 MP: 6/6
   611 | D        | Noticed Crazy Yiuf
   627 | D        | Killed Crazy Yiuf
   627 | D        | Received a gift from Trog
   703 | D        | Noticed a two-headed ogre
   712 | D        | Killed a two-headed ogre
   713 | D        | Reached skill level 10 in Axes
   713 | D        | Reached XP level 8. HP: 59/81 MP: 7/7
   811 | D        | Got the +2 war axe of Indestructible Defence {vamp, rC+}
   864 | D        | Found a hide-covered altar of Uskayaw.
   864 | D        | Found an ancient bone altar of Kikubaaqudgha.
   864 | D        | Found a broken altar of Ashenzari.
   891 | D        | Noticed a deep troll
   891 | D        | Noticed a sea snake
   904 | D        | Killed a deep troll
   905 | D        | Reached skill level 12 in Axes
   905 | D        | Reached skill level 1 in Stealth
   911 | D        | Killed a sea snake
   912 | D        | Reached skill level 5 in Dodging
   912 | D        | Reached XP level 9. HP: 89/89 MP: 8/8
   997 | D        | Noticed an orange demon
   997 | D        | Noticed an ice devil
   997 | D        | Noticed a troll
  1003 | D        | Killed a troll
  1004 | D        | Reached skill level 13 in Axes
  1007 | D        | Killed an ice devil
  1007 | D        | Identified the +8 glaive of Joyful Slaughter {vorpal, Int+4
                  | Dex+2} (Trog gifted it to you in the Dungeon)
  1007 | D        | Received a gift from Trog
  1012 | D        | Killed an orange demon
  1065 | D        | Noticed a black mamba
  1065 | D        | Noticed a great orb of eyes
  1073 | D        | Killed a black mamba
  1074 | D        | Reached skill level 14 in Axes
  1094 | D        | Blown up by a great orb of eyes

Illustrated notes

Levels and vault maps discovered:
D:        pitsprint [storerooms_1, entrance_room_1, metal_vault_6, armoury_1,
          mini_pit_1, grid_room_1, main_hall_1, silver_pit, the_coven_1,
          the_vestibule_1, steel_vault_1, golden_pit, hallway_of_sentries,
          crystal_vault_5, iron_vault_1, final_vault]

Skill      XL: |  1  2  3  4  5  6  7  8  9 |
---------------+----------------------------+-----
Fighting       | 7 8 10 11 | 11.9
Axes           | 3 4 6 9 10 12 14 | 14.0
Armour         | 7 9 10 11 12 13 | 13.3
Shields        | 6 7 8 10 12 13 | 13.1
Dodging        | 1 2 3 5 |  5.8
Stealth        | 1 |  1.2

Action                   |  1- 3 |  4- 6 |  7- 9 || total
-------------------------+-------+-------+-------++-------
Melee: War axe           |     4 |       |    41 ||    45
       Headbutt          |     1 |     9 |    16 ||    26
       Hand axe          |       |    44 |    15 ||    59
       Broad axe         |       |       |    11 ||    11
Invok: Berserk           |       |     2 |     4 ||     6
  Use: Potion            |       |       |     4 ||     4
Armor: Scale mail        |       |    13 |     6 ||    19
       Chain mail        |       |       |    19 ||    19
Dodge: Dodged            |       |    10 |    24 ||    34
Block: Kite shield       |       |    26 |    43 ||    69

Table legend: (Time is in decaauts)
 A = Elapsed time spent in this place.
 B = Non-inter-level travel time spent in this place.
 C = Inter-level travel time spent in this place.
 D = Time resting spent in this place.
 E = Time spent auto-exploring this place.
 F = Levels seen in this place.
 G = Mean time per level.
                   A        B        C        D        E       F      G
               +--------+--------+--------+--------+--------+-----+--------+
         Total |   1146 |   1146 |      0 |    577 |    136 |   1 | 1146.0 |
       Dungeon |   1146 |   1146 |      0 |    577 |    136 |   1 | 1146.0 |
               +--------+--------+--------+--------+--------+-----+--------+

Top non-repeatable levels by time:
       D: 1146 daAuts
